 Dungeon Crawl Stone Soup version 0.14-a0-2881-g20de702 (webtiles) character file.

94054 4tharraofdagon the Cleaver (level 15, -6/198 HPs)
             Began as a Centaur Gladiator on Mar 1, 2014.
             Was a High Priest of the Shining One.
             Mangled by an Executioner (17 damage)
             ... on Level 4 of the Abyss.
             The game lasted 01:58:55 (14980 turns).

4tharraofdagon the Cleaver (Centaur Gladiator)     Turns: 14980, Time: 01:58:56

HP  -6/198       AC 28     Str 29      XL: 15   Next: 57%
MP   4/26        EV  7     Int  7      God: the Shining One [*****.]
Gold 1817        SH 14     Dex 13      Spells:  5 memorised, 16 levels left

rFire  + . .     SeeInvis .     C - +4,+2 battleaxe (elec)
rCold  . . .     Clarity  .     R - +6 chain mail of the Arcane {rF+ Dex+3 Acc+6}
rNeg   + + .     Conserve .     (no shield)
rPois  +         rCorr    .     (helmet restricted)
rElec  .         rRot     .     z - +0 elf cloak
SustAb . .       Spirit   .     e - +2 pair of gloves
rMut   .         Warding  .     i - +0 centaur barding
Saprov . . .     Stasis   .     D - amulet of rage
MR     +....                    o - ring of poison resistance
                                G - +3 ring of evasion

@: mighty, berserking, glowing, very quick, somewhat resistant to hostile
enchantments, extremely unstealthy
A: antennae 1, hooves 3, yellow scales 1, breathe flames 1, deformed body,
herbivore 1, speed 2, fast metabolism 1, magic resistance 1, mutation resistance
1, tough skin 3
a: Divine Shield, Cleansing Flame, Summon Divine Warrior, Renounce Religion,
Breathe Fire, Evoke Berserk Rage


You were on level 4 of the Abyss.
You worshipped the Shining One.
The Shining One was extremely pleased with you.
You were very full.

You visited 5 branches of the dungeon, and saw 30 of its levels.
You visited the Abyss 1 time.
You visited 1 bazaar.
You also visited: Ossuary and Ice Cave.

You collected 2943 gold pieces.
You spent 1126 gold pieces at shops.

Inventory:

Hand weapons
 C - a +4,+2 battleaxe of electrocution (weapon)
Missiles
 d - a throwing net (quivered)
 S - 8 javelins
Armour
 e - a +2 pair of gloves (worn)
 i - a +0 centaur barding (worn)
 z - a +0 elven cloak (worn)
 R - the +6 chain mail of the Arcane (worn) {rF+ Dex+3 Acc+6}
   (You found it on level 9 of the Dungeon)

   It affects your dexterity (+3).
   It affects your accuracy with ranged weapons and melee attacks (+6).
   It protects you from fire.
Magical devices
 a - a wand of teleportation (5)
 b - a wand of disintegration (7)
 n - a wand of fire (3)
 v - a wand of paralysis (9)
 x - a wand of heal wounds (0)
 K - a wand of digging (9)
 Y - a wand of lightning (2)
 Z - a wand of teleportation (1)
Comestibles
 f - 12 bread rations
 p - 10 meat rations
 I - 15 apples
 M - 8 cheeses
Scrolls
 c - a scroll of magic mapping
 w - a scroll of fear
 A - a scroll of fog
Jewellery
 j - an uncursed amulet of the gourmand
 o - a ring of poison resistance (right hand)
 s - an uncursed ring of fire
 u - a +5 ring of strength
 D - an amulet of rage (around neck)
 G - a +3 ring of evasion (left hand)
 N - an uncursed amulet of clarity
 W - an uncursed ring of sustain abilities
 X - a cursed ring of flight
Potions
 h - a potion of might
 k - 3 potions of resistance
 m - a potion of brilliance {unknown}
 r - 2 potions of strong poison {unknown}
 P - 8 potions of curing
 Q - a potion of magic
Books
 O - a book of Enchantments

   Spells                             Type                      Level
   Cause Fear                         Hexes                        4
   Silence                            Hexes/Air                    5
   Tukima's Dance                     Hexes                        5
   Deflect Missiles                   Charms/Air                   6
   Haste                              Charms                       6
   Discord                            Hexes                        8
Magical staves
 J - an uncursed staff of poison {unknown}
Miscellaneous
 l - a fan of gales (inert)
 B - a fan of gales (inert)
 T - a plain deck of war {the Tomb}
Rods
 E - a +0 rod of the swarm (10/10)
   (You found it on level 5 of the Dungeon)


   Skills:
 + Level 11.7 Fighting
 * Level 14.3 Axes
 - Level 7.3 Maces & Flails
 - Level 2.8 Staves
 - Level 2.6 Throwing
 + Level 8.3 Armour
 - Level 2.1 Dodging
 - Level 5.1 Spellcasting
 - Level 8.0 Translocations
 + Level 9.2 Invocations
 + Level 9.5 Evocations


You had 16 spell levels left.
You knew the following spells:

 Your Spells              Type           Power        Failure   Level  Hunger
a - Apportation           Tloc           ##........   4%          1    #......
b - Summon Butterflies    Summ           #.......     91%         1    #......
c - Cure Poison           Pois           #.........   98%         2    ##.....
d - Blink                 Tloc           N/A          8%          2    ##.....
e - Swiftness             Chrm/Air       #.......     98%         2    ##.....


Dungeon Overview and Level Annotations

Branches:
Dungeon (14/16)            Temple (1/1) D:5             Orc (4/4) D:12
    Elf (3/3) Orc:4          Lair (8/8) D:9           Swamp (0/5) Lair:4
  Snake (0/5) Lair:5        Slime (0/6) Lair:8
 Vaults: D:14-15

Altars:
Ashenzari
Cheibriados
Dithmenos
Elyvilon
Fedhas
Kikubaaqudgha
Makhleb
Nemelex Xobeh
Okawaru
Sif Muna
Vehumet
Xom
Yredelemnul
Zin
The Shining One
Beogh
Jiyva

Shops:
Orc:3 }   Orc:4 *}?[*(

Portals:
Trove: D:13 (give 6 potions of speed)

Annotations:
D:4 4tharraofdagon's ghost, weakling CeGl
D:13 FARM
Lair:4 exclusions: feature mimic and oklob plant
Lair:5 exclusion: 2 oklob plants


Innate Abilities, Weirdness & Mutations

You have hooves in place of feet.
Armour fits poorly on your strangely shaped body.
You digest meat inefficiently.
You cover ground very quickly.
You have a fast metabolism.
You have extremely tough skin (AC +3).
You have a pair of small antennae on your head.
You are partially covered in yellow scales (AC +2).
You can breathe flames.
You are resistant to hostile enchantments.
You are somewhat resistant to further mutation.


Message History

The starcursed mass engulfs something!
You block the Executioner's attack. The Executioner hits you.
* * * LOW HITPOINT WARNING * * *
The Executioner hits you but does no damage.
Unknown command.
Unknown command.
Unknown command.
You barely miss the Executioner.
The Executioner is almost dead.
The Executioner hits you!
* * * LOW HITPOINT WARNING * * *
The Executioner barely misses you.
The Executioner hits you but does no damage.
Your air elemental barely misses the Executioner.
A chorus of shrieks assaults your mind.
* * * LOW HITPOINT WARNING * * *
Your daeva hits the red draconian with a blessed falchion of holy wrath!
Your daeva hits the red draconian with a blessed falchion of holy wrath.
The Executioner hits you!
You die...

..# # #.. ##
... .. ## #..
... ##.##. .
# !.#.# ..
#.#....##.#
.#..#....#
##{#.@#.#...
##.##u1A.#>##
##..E#.#.#
#####dXX..#
''
##..#2A....#
.#.
....###.##.
..u##..## X#
. . #..##..#
#.##.#X#.#


You could see 3 starcursed masses, a red draconian, a white very ugly thing, an
Executioner, a hellion, 2 friendly daevas and a friendly air elemental.

Vanquished Creatures
  3 tentacled starspawn
  A balrug (Abyss:2)
  An orc warlord (Orc:2)
  A stone giant (Orc:4)
  7 starcursed masses (Abyss:2)
  A lorocyproca (Abyss:2)
  2 fire dragons (Lair:8)
  A siren (D:12)
  Harold (Orc:4)
  A hydra (Lair:5)
  Erica (D:12)
  An alligator (Lair:4)
  Urug (Orc:4)
  6 orc high priests (Orc:4)
  5 death yaks (Lair:7)
  The ghost of GeneKelly the Archer, an experienced DsHu of Ashenzari (D:10)
  A catoblepas (Lair:6)
  5 thrashing horrors (Abyss:2)
  2 wretched stars
  3 deep elf knights
  7 large abominations
  2 unseen horrors
  A deep elf summoner (Elf:1)
  2 lindwurms (Lair:8)
  A mana viper (Lair:6)
  A deep elf conjurer (Elf:1)
  2 cyclopes
  A griffon (D:13)
  2 worldbinders (Abyss:2)
  3 hill giants
  An orc sorcerer (Elf:2)
  13 elephants
  A sixfirhy (Abyss:2)
  An octopode (Abyss:3)
  The ghost of 4tharraofdagon the Ruffian, an experienced TrTm of Cheibriados (D:7)
  Maurice (Orc:4)
  9 black mambas
  A feature mimic (Lair:5)
  7 spiny frogs
  5 fire drakes
  An iron devil (Abyss:2)
  4 komodo dragons (Lair:8)
  2 deep elf priests
  2 trolls
  6 raiju
  A polar bear (Lair:7)
  3 giant fireflies (Lair:8)
  14 blink frogs
  Prince Ribbit (Lair:2)
  2 giant leeches (Lair:8)
  A shadow (D:13)
  A griffon zombie (D:13)
  2 flying skulls
  2 ravens (Lair:6)
  A ynoxinul (Abyss:4)
  6 basilisks
  8 deep elf magi
  4 wyverns
  4 elephant slugs (Lair:8)
  A vampire mosquito (D:12)
  A fire bat (Abyss:2)
  Grum (D:8)
  A hungry ghost (D:14)
  A neqoxec (Abyss:2)
  17 yaks
  8 deep elf fighters
  4 wolves
  A hill giant skeleton (D:12)
  10 hippogriffs
  A steam dragon (D:7)
  3 mottled dragons
  5 small abominations
  A black bear (Lair:3)
  3 ice beasts
  5 sky beasts
  21 orc warriors
  3 swamp drakes
  10 porcupines
  A human (D:7)
  2 phantoms
  6 centaurs
  8 wargs
  Sigmund (D:7)
  Duvessa (D:8)
  15 crocodiles
  6 brain worms (Lair:8)
  2 big kobolds
  8 ogres
  9 giant slugs
  A giant slug zombie (D:12)
  11 giant frogs
  18 water moccasins
  10 killer bees
  4 wights (D:14)
  A cyclops skeleton (D:12)
  2 yak skeletons
  Dowan (D:8)
  A giant frog zombie (D:12)
  12 hounds
  42 orc priests
  12 crimson imps
  A centaur zombie (Ossuary)
  3 jellies
  An elf zombie (D:14)
  2 scorpions
  23 orc wizards
  3 iron imps (Abyss:2)
  13 worker ants
  7 iguanas
  An orange rat (Elf:1)
  4 big kobold zombies
  27 sheep
  Ijyb (D:6)
  A hound zombie (D:9)
  3 mummies
  32 green rats
  2 giant mites
  A white imp (Abyss:2)
  20 adders
  An inept item mimic (Ossuary)
  24 worms
  6 ufetubi (Abyss:3)
  An iguana zombie (D:7)
  2 orc skeletons (D:4)
  5 giant geckos
  An ooze (D:2)
  154 orcs
  A bat zombie (D:6)
  6 giant cockroaches
  A gnoll skeleton (D:5)
  12 goblins
  16 hobgoblins
  20 jackals
  12 kobolds
  7 quokkas
  8 ball pythons
  17 bats
  A giant gecko skeleton (D:5)
  2 giant newts
  2 giant spores
  4 gnoll zombies
  A goblin skeleton (D:4)
  3 goblin zombies
  4 hobgoblin zombies
  5 orc zombies
  14 rats
  A rat skeleton (D:8)
  6 ballistomycetes
  A fungus (Lair:7)
  6 plants (Lair:8)
  A starspawn tentacle (Abyss:2)
933 creatures vanquished.

Vanquished Creatures (collateral kills)
  An Executioner (Abyss:2)
  A tentacled starspawn (Abyss:2)
  2 lorocyprocas (Abyss:4)
  A hydra (Lair:5)
  A very ugly thing (Abyss:3)
  A thrashing horror (Abyss:4)
  A wretched star (Abyss:3)
  An orb spider (Abyss:3)
  A large abomination (Abyss:4)
  A black mamba (Lair:5)
  An ancient zyme (Abyss:3)
  A demonic crawler (Abyss:3)
  4 raiju (Abyss:3)
  A giant leech (Lair:8)
  A two-headed ogre (D:8)
  2 ynoxinuls (Abyss:3)
  2 neqoxecs
  A vampire (Abyss:4)
  2 small abominations
  An iron imp (Abyss:3)
  A jelly (D:8)
  An adder (D:8)
  2 ufetubi (Abyss:3)
  An orc zombie (D:8)
  A starspawn tentacle (Abyss:4)
33 creatures vanquished.

Vanquished Creatures (others)
  5 air elementals
  A killer bee (D:8)
  A crimson imp (D:12)
  2 worker ants (D:8)
  An ufetubus (Abyss:3)
  A giant newt (Lair:4)
  2 giant spores
  3 fungi
  3 plants
  11 starspawn tentacles
  55 starspawn tentacle segments
85 creatures vanquished.

Grand Total: 1051 creatures vanquished

Notes
Turn   | Place    | Note
--------------------------------------------------------------
     0 | D:1      | 4tharraofdagon, the Centaur Gladiator, began the quest for the Orb.
     0 | D:1      | Reached XP level 1. HP: 17/17 MP: 1/1
    82 | D:2      | Reached skill level 1 in Maces & Flails
    94 | D:2      | Reached XP level 2. HP: 14/24 MP: 2/2
   273 | D:2      | Found a burning altar of Makhleb.
   375 | D:3      | Reached XP level 3. HP: 27/30 MP: 3/3
   567 | D:2      | Reached skill level 3 in Maces & Flails
   692 | D:2      | Reached skill level 1 in Armour
   700 | D:2      | Reached XP level 4. HP: 24/37 MP: 3/3
   770 | D:4      | Noticed 4tharraofdagon's ghost (weakling CeGl)
   783 | D:3      | Paralysed by a potion of paralysis for 7 turns
   792 | D:3      | Paralysed by a potion of paralysis for 7 turns
   799 | D:3      | Gained mutation: Your natural rate of healing is unusually fast. [potion of mutation]
   799 | D:3      | Gained mutation: You have a very fast metabolism. [potion of mutation]
   799 | D:3      | Gained mutation: You are frail (-10% HP). [potion of mutation]
   868 | D:4      | Noticed an ogre
   873 | D:4      | Killed an ogre
   873 | D:4      | Reached XP level 5. HP: 16/40 MP: 4/4
   888 | D:4      | Found a sand-covered staircase.
   906 | Ossuary  | Entered an ossuary
   981 | Ossuary  | Reached skill level 4 in Maces & Flails
  1052 | Ossuary  | Reached XP level 6. HP: 32/45 MP: 5/5
  1158 | D:4      | Noticed a giant frog
  1165 | D:4      | Killed a giant frog
  1234 | D:5      | Entered Level 5 of the Dungeon
  1555 | D:4      | Reached skill level 5 in Maces & Flails
  1741 | D:5      | Reached XP level 7. HP: 49/53 MP: 5/5
  1961 | D:6      | Reached skill level 1 in Evocations
  2013 | D:5      | Found a staircase to the Ecumenical Temple.
  2020 | Temple   | Entered the Ecumenical Temple
  2052 | Temple   | Became a worshipper of the Shining One
  2279 | D:6      | Noticed Ijyb
  2296 | D:6      | Killed Ijyb
  2312 | D:6      | Got a warped mace {venom}
  2316 | D:6      | Lost mutation: You have a very fast metabolism. [potion of cure mutation]
  2316 | D:6      | Lost mutation: You are frail (-10% HP). [potion of cure mutation]
  2316 | D:6      | Lost mutation: Your natural rate of healing is unusually fast. [potion of cure mutation]
  2442 | D:6      | Reached skill level 6 in Maces & Flails
  2442 | D:6      | Reached XP level 8. HP: 67/67 MP: 9/9
  2539 | D:7      | Noticed 4tharraofdagon's ghost (experienced TrTm)
  2563 | D:7      | Killed 4tharraofdagon's ghost
  2563 | D:7      | Reached skill level 5 in Fighting
  2703 | D:8      | Noticed Duvessa
  2708 | D:8      | Noticed Dowan
  2712 | D:8      | Reached skill level 7 in Maces & Flails
  2712 | D:8      | Killed Duvessa
  2715 | D:8      | Killed Dowan
  2846 | D:7      | Reached XP level 9. HP: 54/75 MP: 13/13
  3029 | D:8      | Noticed a two-headed ogre
  3045 | D:8      | Identified a cursed +0 rod of the swarm (10/10) (You found it on level 5 of the Dungeon)
  3067 | D:8      | Killed a two-headed ogre
  3117 | D:8      | Acquired the Shining One's first power
  3132 | D:7      | Found an ancient bone altar of Kikubaaqudgha.
  3132 | D:7      | Found a sparkling altar of Nemelex Xobeh.
  3170 | D:8      | Noticed Grum
  3187 | D:7      | Reached skill level 5 in Axes
  3239 | D:7      | Noticed Sigmund
  3249 | D:7      | Killed Sigmund
  3290 | D:7      | Noticed a yak
  3303 | D:7      | Killed a yak
  3438 | D:8      | Killed Grum
  3443 | D:8      | Reached skill level 1 in Spellcasting
  3826 | D:9      | Reached XP level 10. HP: 45/86 MP: 13/13
  3859 | D:9      | Reached skill level 8 in Axes
  3970 | D:9      | Gained mutation: You are resistant to hostile enchantments. [potion of mutation]
  3970 | D:9      | Gained mutation: You have a pair of small antennae on your head. [potion of mutation]
  3970 | D:9      | Gained mutation: Your magical capacity is low (-10% MP). [potion of mutation]
  4026 | D:9      | Found a staircase to the Lair.
  4122 | D:9      | Got a jewelled chain mail
  4123 | D:9      | Identified the +6 chain mail of the Arcane {rF+ Dex+3 Acc+6} (You found it on level 9 of the Dungeon)
  4273 | D:10     | Entered Level 10 of the Dungeon
  4330 | D:10     | Learned a level 1 spell: Apportation
  4332 | D:10     | Learned a level 1 spell: Summon Butterflies
  4450 | D:10     | Noticed Sonja
  4451 | D:10     | Noticed Sonja
  4451 | D:10     | Sonja changed into Sonja the tengu
  4454 | D:10     | Sonja the tengu changed into Sonja the crocodile
  4611 | D:11     | Found a frozen archway.
  4612 | D:11     | Noticed a cyclops
  4642 | D:11     | Killed a cyclops
  4642 | D:11     | Reached skill level 1 in Translocations
  4662 | IceCv    | Entered an ice cave
  4760 | D:11     | Acquired the Shining One's second power
  4782 | D:10     | Noticed GeneKelly's ghost (experienced DsHu)
  4795 | D:10     | Killed GeneKelly's ghost
  4795 | D:10     | Reached skill level 9 in Axes
  5019 | D:11     | Noticed an unseen horror
  5025 | D:11     | Killed an unseen horror
  5073 | D:11     | Reached XP level 11. HP: 94/94 MP: 16/16
  5367 | D:12     | Found a staircase to the Orcish Mines.
  5566 | D:12     | Noticed a hill giant
  5568 | D:12     | Killed a hill giant
  5568 | D:12     | Reached skill level 5 in Armour
  5594 | D:12     | Noticed Erica
  5606 | D:12     | Killed Erica
  5606 | D:12     | Reached skill level 1 in Invocations
  5617 | D:12     | Noticed a hill giant
  5619 | D:12     | Killed a hill giant
  5630 | D:12     | Gained mutation: You can breathe flames. [mutagenic meat]
  5631 | D:12     | Gained mutation: You are partially covered in yellow scales (AC +2). [mutagenic meat]
  5785 | D:12     | Noticed a five-headed hydra
  5809 | D:12     | Noticed a siren
  5809 | D:12     | a five-headed hydra changed into a siren
  5828 | D:12     | Killed a siren
  5828 | D:12     | Reached skill level 5 in Translocations
  5869 | D:12     | Learned a level 2 spell: Cure Poison
  5903 | D:13     | Reached skill level 10 in Axes
  6026 | D:13     | Reached skill level 5 in Evocations
  6035 | D:13     | Found a portal to a secret trove of treasure.
  6096 | D:14     | Noticed a hill giant
  6106 | D:14     | Killed a hill giant
  6183 | D:14     | Learned a level 2 spell: Blink
  6186 | D:14     | Learned a level 2 spell: Swiftness
  6258 | D:14     | Reached XP level 12. HP: 67/103 MP: 18/18
  6454 | D:14     | Noticed a seven-headed hydra
  6467 | D:13     | a seven-headed hydra changed into a griffon
  6514 | D:13     | Noticed a death yak
  6811 | Lair:1   | Entered Level 1 of the Lair of Beasts
  7090 | Lair:2   | Noticed Prince Ribbit
  7107 | Lair:2   | Killed Prince Ribbit
  7333 | Lair:2   | Acquired the Shining One's third power
  7521 | Lair:3   | Lost mutation: Your magical capacity is low (-10% MP). [potion of mutation]
  7521 | Lair:3   | Gained mutation: You are somewhat resistant to further mutation. [potion of mutation]
  7624 | Lair:4   | Found a staircase to the Swamp.
  7645 | Lair:4   | Noticed a five-headed hydra
  7676 | Lair:4   | a five-headed hydra changed into an alligator
  7803 | Lair:4   | Found a dark tunnel.
  7809 | Lair:4   | the dark tunnel was a mimic.
  8029 | Lair:5   | Reached skill level 11 in Axes
  8088 | Lair:5   | Found a staircase to the Snake Pit.
  8104 | Lair:5   | Noticed a five-headed hydra
  8148 | Lair:5   | Killed a five-headed hydra
  8209 | Lair:5   | Reached XP level 13. HP: 49/111 MP: 22/22
  8314 | Lair:5   | Reached skill level 5 in Spellcasting
  8603 | Lair:6   | Reached skill level 5 in Invocations
  9321 | Lair:7   | Reached skill level 10 in Fighting
  9626 | Lair:8   | Entered Level 8 of the Lair of Beasts
  9707 | Lair:8   | Found a staircase to the Slime Pits.
  9707 | Lair:8   | Found a viscous altar of Jiyva.
  9917 | Lair:8   | Reached skill level 12 in Axes
 10749 | Lair:8   | Reached XP level 14. HP: 112/122 MP: 24/24
 10961 | Lair:6   | Acquired the Shining One's fourth power
 11398 | Orc:1    | Entered Level 1 of the Orcish Mines
 11551 | Orc:2    | Noticed an orc warlord
 11564 | Orc:2    | Killed an orc warlord
 11609 | Orc:2    | Found a roughly hewn altar of Beogh.
 11910 | Orc:3    | Found Bafoe's Gadget Boutique.
 12424 | Orc:4    | Entered Level 4 of the Orcish Mines
 12466 | Orc:4    | Noticed Maurice
 12483 | Orc:4    | Killed Maurice
 12561 | Orc:4    | Found Bakluaph's Antique Armour Shop.
 12690 | Orc:4    | Found Heorchahi's Assorted Antiques.
 12693 | Orc:4    | Noticed Urug
 12718 | Orc:4    | Killed Urug
 12744 | Orc:4    | Found a staircase to the Elven Halls.
 12776 | Orc:4    | Found a flickering gateway to a bazaar.
 12790 | Bazaar   | Entered a bazaar
 12792 | Bazaar   | Found Jononkio's Book Boutique.
 12795 | Bazaar   | Found Tyucs' Book Boutique.
 12796 | Bazaar   | Found Fipsezit's General Store.
 12796 | Bazaar   | Found Gheluirph's Assorted Antiques.
 12827 | Bazaar   | Bought a scroll of identify for 48 gold pieces
 12827 | Bazaar   | Bought a potion of curing for 48 gold pieces
 12827 | Bazaar   | Bought a scroll of identify for 48 gold pieces
 12827 | Bazaar   | Bought a scroll of teleportation for 72 gold pieces
 12827 | Bazaar   | Bought a scroll of magic mapping for 84 gold pieces
 12827 | Bazaar   | Bought a scroll labeled ZIBAD MIDWAO for 24 gold pieces
 12993 | Orc:4    | Reached skill level 13 in Axes
 13027 | Orc:4    | Found Itoruok's Magic Scroll Shop.
 13027 | Orc:4    | Found Acusief's Gadget Emporium.
 13122 | Orc:4    | Noticed Harold
 13203 | Orc:4    | Killed Harold
 13243 | Orc:4    | Found a roughly hewn altar of Beogh.
 13278 | Orc:4    | Found Vud Ujy's General Store.
 13278 | Orc:4    | Found Wiuluuw's Antique Weapon Shop.
 13307 | Orc:4    | Bought a potion of degeneration for 24 gold pieces
 13316 | Orc:4    | what a tragedy
 13359 | Orc:4    | Bought 2 scrolls of enchant armour for 180 gold pieces
 13359 | Orc:4    | Bought a scroll of magic mapping for 42 gold pieces
 13359 | Orc:4    | Bought a scroll of enchant armour for 90 gold pieces
 13359 | Orc:4    | Bought a scroll of identify for 24 gold pieces
 13359 | Orc:4    | Bought a scroll of identify for 24 gold pieces
 13359 | Orc:4    | Bought a scroll of identify for 24 gold pieces
 13359 | Orc:4    | Bought a scroll of fog for 24 gold pieces
 13499 | Orc:4    | Bought a fine buckler for 370 gold pieces
 13504 | Orc:4    | Identified the +2 buckler of Onafoaps {rC+} (You bought it in a shop on level 4 of the Orcish Mines)
 13542 | Elf:1    | Entered Level 1 of the Elven Halls
 13856 | Elf:3    | Entered Level 3 of the Elven Halls
 13867 | Elf:3    | Cast into the Abyss (deep elf knight)
 13867 | Abyss:1  | Found a corrupted altar of Lugonu.
 13868 | Abyss:1  | thx
 13971 | Abyss:2  | ugh
 14024 | Abyss:2  | Noticed a red draconian monk
 14070 | Abyss:2  | Noticed a Hell Sentinel
 14162 | Abyss:2  | Noticed a balrug
 14175 | Abyss:2  | Noticed a tentacled starspawn
 14176 | Abyss:2  | Killed a balrug
 14176 | Abyss:2  | Reached XP level 15. HP: 76/130 MP: 25/25
 14188 | Abyss:2  | Killed a tentacled starspawn
 14229 | Abyss:2  | Noticed a tentacled starspawn
 14245 | Abyss:2  | Killed a tentacled starspawn
 14294 | Abyss:2  | rekd
 14310 | Abyss:2  | HP: 2/130 [wretched star/orb of energy (22)]
 14467 | Abyss:2  | Noticed an Executioner
 14472 | Abyss:2  | Killed an Executioner
 14474 | Abyss:2  | Noticed a tentacled starspawn
 14481 | Abyss:2  | Killed a tentacled starspawn
 14481 | Abyss:2  | Reached skill level 14 in Axes
 14806 | Abyss:4  | Found an iron altar of Okawaru.
 14892 | Abyss:4  | Noticed a tentacled starspawn
 14910 | Abyss:4  | Killed a tentacled starspawn
 14962 | Abyss:4  | Noticed an Executioner
 14980 | Abyss:4  | Mangled by an Executioner

Action                   |  1- 3 |  4- 6 |  7- 9 | 10-12 | 13-15 || total
-------------------------+-------+-------+-------+-------+-------++-------
Melee: Mace              |    94 |   177 |   252 |       |       ||   523
       Quarterstaff      |     7 |       |       |       |       ||     7
       Battleaxe         |       |       |    29 |   492 |   906 ||  1427
Throw: Throwing net      |     3 |     6 |     2 |       |       ||    11
       Javelin           |       |       |       |     2 |       ||     2
Invok: Divine Shield     |       |       |       |     5 |    15 ||    20
       Summon Divine War |       |       |       |       |     4 ||     4
       Cleansing Flame   |       |       |       |       |     1 ||     1
 Abil: Evoke Berserk Rag |       |       |     1 |       |     7 ||     8
Evoke: Wand              |       |     4 |    22 |    33 |    24 ||    83
       Rod               |       |       |     2 |       |       ||     2
       Fan of gales      |       |       |       |     1 |     4 ||     5
  Use: Scroll            |     3 |       |    13 |    15 |    15 ||    46
       Potion            |       |     4 |     7 |     2 |     7 ||    20
 Stab: Held in net/web   |     1 |     2 |       |       |       ||     3
       Paralysed         |       |     4 |    17 |       |       ||    21
       Confused          |       |       |       |     1 |       ||     1
       Fleeing           |       |       |       |       |     1 ||     1
       Distracted        |       |       |       |       |     3 ||     3
